 Dungeon Crawl Stone Soup version 0.28-a0-938-gbc3f381ebc (webtiles) character file.

Game seed: 17472470727871570135

155148 flotson the Protected (level 17, 0/128 (133) HPs)
             Began as a Demonspawn Delver on Nov 29, 2021.
             Was an Initiate of Gozag.
             Killed from afar by a starcursed mass (7 damage)
             ... with an accursed screaming
             ... on level 3 of the Abyss on Nov 30, 2021.
             The game lasted 01:33:04 (40770 turns).

flotson the Protected (Demonspawn Delver)          Turns: 40770, Time: 01:33:05

HP:   0/128 (133)   AC: 43    Str: 22      XL:     17   Next: 8%
MP:   26/26         EV: 24    Int: 16 (17) God:    Gozag
Gold: 2780          SH: 17    Dex: 18      Spells: 16/16 levels left

rFire   + . .      SeeInvis +   a - +10 long sword "Edur" {venom, rElec rPois rF- rCorr}
rCold   + + .      Faith    .   p - +0 tower shield
rNeg    . . .      Spirit   .   S - +13 plate armour of Ashenzari {Int+4}
rPois   +          Reflect  .   (helmet unavailable)
rElec   +          Harm     .   l - scarf {rC+ rF+}
rCorr   +          Rampage  +   D - +0 pair of fencer's gloves {Riposte Dex+3}
Will    +....                   k - +2 pair of boots {rampage}
Stlth   ..........              E - amulet of the acrobat
HPRegen 0.31/turn               U - ring "Tinymerr" {rF+ rC+ MP+9 Str+4}
MPRegen 0.20/turn               v - +4 ring of protection

@: mighty, about to teleport, gold aura, sanguine armoured, acrobatic, studying
Transmutations, lightly drained
A: antennae 3, powered by death 2, powered by pain 2, sanguine armour 1,
bedeviling
a: Renounce Religion, Potion Petition, Call Merchant, Bribe Branch


You were on level 3 of the Abyss.
You worshipped Gozag.
Gozag was most pleased with you.
You visited 4 branches of the dungeon, and saw 24 of its levels.
You visited the Abyss 1 time.
You visited 1 bazaar.
You also visited: Gauntlet and Ice Cave.

You collected 8785 gold pieces.
You spent 3825 gold pieces at shops.
You paid 2180 gold pieces to Gozag.

Inventory:

Hand Weapons
 a - the +10 long sword "Edur" (weapon) {venom, rElec rPois rF- rCorr}
   (You took it off an orc on level 6 of the Dungeon)

   It poisons the flesh of those it strikes.
   rF:        It makes you vulnerable to fire.
   rElec:     It insulates you from electricity.
   rPois:     It protects you from poison.
   rCorr:     It protects you from acid and corrosion.
 b - a +0 hunting sling
 c - a +3 scimitar of flaming
Missiles
 d - a throwing net
 f - 7 javelins
 t - 246 sling bullets
 w - 22 poisoned darts
 W - 14 silver javelins (quivered)
Armour
 k - a +2 pair of boots of rampaging (worn)
 l - a scarf of resistance (worn)
 p - a +0 tower shield (worn)
 D - the +0 pair of fencer's gloves (worn) {Riposte Dex+3}
   (You acquired it on level 3 of the Lair of Beasts)

   It allows the wearer to riposte with melee weapons, swiftly retaliating
   against missed attacks.
   Dex:       It affects your dexterity (+3).
 Q - a scarf of repulsion
 S - the +13 plate armour of Ashenzari (worn) {Int+4}
   (You bought it in a shop on level 2 of the Orcish Mines)

   Int:       It affects your intelligence (+4).
Jewellery
 v - a +4 ring of protection (right hand)
 E - an amulet of the acrobat (around neck)
 U - the ring "Tinymerr" (left hand) {rF+ rC+ MP+9 Str+4}
   (You found it in a Gauntlet)

   [ring of protection from fire]

   Str:       It affects your strength (+4).
   rF:        It protects you from fire.
   rC:        It protects you from cold.
   MP:        It affects your magic capacity (+9).
Wands
 g - a wand of digging (19)
 i - a wand of paralysis (16)
 q - a wand of flame (40)
 y - a wand of iceblast (11)
 L - a wand of polymorph (25)
 N - a wand of charming (16)
 X - a wand of mindburst (10)
 Y - a wand of acid (14)
Scrolls
 e - 3 scrolls of amnesia
 j - 2 scrolls of brand weapon
 m - 2 scrolls of magic mapping
 o - 8 scrolls of enchant weapon
 u - 10 scrolls of enchant armour
 z - a scroll of fear
 A - 2 scrolls of torment
 B - a scroll of immolation
 C - a scroll of vulnerability
 K - 7 scrolls of fog
 O - 4 scrolls of identify
Potions
 n - 6 potions of curing
 r - 3 potions of attraction
 s - a potion of ambrosia
 x - a potion of berserk rage
 H - a potion of invisibility
 I - 2 potions of flight
 M - 2 potions of lignification
 P - 2 potions of haste
 R - 3 potions of mutation
 T - a potion of resistance {unknown}
 V - a potion of brilliance
Miscellaneous
 h - a piece from Xom's chessboard (15/15)
 G - a lightning rod (4/4)


   Skills:
 + Level 11.7 Fighting
 + Level 9.6 Long Blades
 - Level 1.7 Axes
 - Level 1.6(6.6) Slings
 + Level 10.1(10.2) Throwing
 + Level 12.3 Armour
 + Level 10.6 Dodging
 - Level 7.3 Stealth
 + Level 10.4 Shields
 + Level 11.4 Evocations


You had 16 spell levels left.
You didn't know any spells.
Your spell library contained the following spells:

 Spells                   Type           Power      Damage    Failure   Level
 Animate Skeleton         Necr           0%         N/A       100%        1
 Apportation              Tloc           0%         N/A       100%        1
 Beastly Appendage        Tmut           0%         N/A       100%        1
 Magic Dart               Conj           0%         1d3       100%        1
 Pain                     Necr           0%         1d4       100%        1
 Slow                     Hex            0%         N/A       100%        1
 Summon Small Mammal      Summ           0%         N/A       100%        1
 Blink                    Tloc           0%         N/A       100%        2
 Ensorcelled Hibernation  Hex/Ice        0%         N/A       100%        2
 Passwall                 Tmut/Erth      0%         N/A       100%        2
 Poisonous Vapours        Pois/Air       0%         N/A       100%        2
 Searing Ray              Conj           0%         2d4       100%        2
 Static Discharge         Conj/Air       0%         N/A       100%        2
 Sublimation of Blood     Necr           0%         N/A       100%        2
 Confusing Touch          Hex            0%         N/A       100%        3
 Ignite Poison            Fire/Tmut/Pois 0%         N/A       100%        3
 Mephitic Cloud           Conj/Pois/Air  0%         N/A       100%        3
 Spider Form              Tmut/Pois      0%         N/A       100%        3
 Tukima's Dance           Hex            0%         N/A       100%        3
 Vampiric Draining        Necr           0%         2d6       100%        3
 Cause Fear               Hex            0%         N/A       100%        4
 Fulminant Prism          Conj/Hex       0%         3d6       100%        4
 Hailstorm                Conj/Ice       0%         3d3       100%        4
 Ice Form                 Ice/Tmut       0%         N/A       100%        4
 Passage of Golubria      Tloc           0%         N/A       100%        4
 Petrify                  Tmut/Erth      0%         N/A       100%        4
 Agony                    Necr           0%         N/A       100%        5
 Blade Hands              Tmut           0%         N/A       100%        5
 Excruciating Wounds      Necr           0%         N/A       100%        5
 Freezing Cloud           Conj/Ice/Air   0%         6-21      100%        5
 Irradiate                Conj/Tmut      0%         3d13      100%        5
 Lightning Bolt           Conj/Air       0%         1d11      100%        5
 Manifold Assault         Tloc           0%         N/A       100%        5
 Metabolic Englaciation   Hex/Ice        0%         N/A       100%        5
 Summon Forest            Summ/Tloc      0%         N/A       100%        5
 Yara's Violent Unravell  Hex/Tmut       0%         3d3       100%        5
 Eringya's Noxious Bog    Tmut/Pois      0%         N/A       100%        6
 Simulacrum               Ice/Necr       0%         N/A       100%        6
 Storm Form               Tmut/Air       0%         N/A       100%        7
 Summon Hydra             Summ           0%         N/A       100%        7
 Borgnjor's Revivificati  Necr           0%         N/A       100%        8
 Maxwell's Capacitive Co  Air            0%         ∞         100%        8
 Necromutation            Tmut/Necr      0%         N/A       100%        8


Dungeon Overview and Level Annotations

Branches:
Dungeon (15/15)            Temple (1/1) D:4            Lair (6/6) D:8
 Shoals (0/4) Lair:3       Spider (0/4) Lair:3        Slime (0/5) Lair:6
    Orc (2/2) D:10            Elf (0/3) Orc:2        Vaults (0/5) D:13
 Depths (0/4) D:15          IceCv (visited)         Gauntlet (visited)

Altars:
Cheibriados
Dithmenos
Fedhas
Gozag
Hepliaklqana
Kikubaaqudgha
Makhleb
Okawaru
Qazlal
Sif Muna
Vehumet
Wu Jian
Xom
Yredelemnul
Zin
Beogh
Jiyva

Shops:
D:2 *   D:5 [   D:7 =   Orc:2 [([!:?*(

Annotations:
D:15 Louise


Innate Abilities, Weirdness & Mutations

You have a pair of large antennae on your head. (SInv)
You regenerate health from kills.
You sometimes gain power by taking damage.
When seriously injured, your blood forms armour. (AC +6)
Your hexes are more powerful.


Message History

Unknown command.
The blizzard demon gestures at you. The bolt of cold hits you. You resist.
* * * LOW HITPOINT WARNING * * *
You block the tormentor's attack. The tormentor closely misses you.
You see here 4 gold pieces.
Unknown command.
The tormentor calls on the powers of darkness!
Your body is wracked with pain!
* * * LOW HITPOINT WARNING * * *
You feel much better.
The tormentor calls on the powers of darkness!
Your body is wracked with pain!
* * * LOW HITPOINT WARNING * * *
The starcursed mass shrieks in your mind.
* * * LOW HITPOINT WARNING * * *
A smoke demon comes into view.
The tormentor calls on the powers of darkness!
Your body is wracked with pain!
* * * LOW HITPOINT WARNING * * *
Okay, then.
The smoke demon roars!
You hear a bark!
You block the starcursed mass's attack.
The starcursed mass shrieks in your mind.
* * * LOW HITPOINT WARNING * * *
You feel better.
The tormentor hits you but does no damage.
You block the tormentor's attack.
A small abomination comes into view.
The starcursed mass shrieks in your mind.
* * * LOW HITPOINT WARNING * * *
A raiju comes into view.
The raiju barks!
You hear a shout!
The lightning spire shoots out a bolt of lightning at you!
The bolt of electricity hits the raiju.
The raiju completely resists.
The bolt of electricity misses you.
A smoke demon comes into view.
The starcursed mass shrieks in your mind.
You die...
Your body crumbles into a pile of gold.

.# ≈≈φ≈≈# # ..8.h.8#
## . x#≈≈h≈≈ #.. ..
..≈≈h≈2. .#.### #
#.####.≈38≈ 3##..##.#.
....... . ..... # .
...##...# ###..§# . {
#......@###....§.#.##
#...#..2..#...3..# .{#
.......#..X3..##.#...#
{ ....#..##.##...###
##. .#. ##.#§##. ###.
. ## ..#{ §§#{#.. #.##
{.. #....§§§##..## # .
. . {...§ §§#>. # #.#
. ..# §§§#{# ## # #


You could see a starcursed mass, 2 smoke demons, a tormentor, 3 raiju, a small
abomination and 2 lightning spires.

Vanquished Creatures
  Jorgrun (Orc:1)
  Rupert (D:13)
  Gastronok (D:12)
  Kirke (D:13)
  An orc warlord (Orc:1)
  A frost giant (D:14)
  A stone giant (D:15)
  A minotaur (Gauntlet)
  A dire elephant (Lair:6)
  The ghost of croobank the Cleaver, a journeyman DDBe of Trog (D:11)
  Snorg (D:10)
  Josephine (D:11)
  A fire dragon (Lair:6)
  A blizzard demon (Abyss:3)
  3 boulder beetles
  Harold (Orc:1)
  An ice dragon (Lair:3)
  2 vault guards (D:13)
  Fannar (D:12)
  17 hydras
  Erolcha (D:10)
  4 ogre magi
  Erica (D:8)
  5 centaur warriors
  2 catoblepae (Lair:6)
  18 two-headed ogres
  The ghost of mandarbmax the Destroyer, a journeyman TeAE of Gozag (D:10)
  3 tengu warriors
  Urug (Lair:3)
  Pikel (D:8)
  A lindwurm (Lair:6)
  7 deep elf pyromancers
  A necromancer (IceCv)
  3 orc knights (Orc:1)
  A phantasmal warrior (Abyss:3)
  A shining eye (Gauntlet)
  6 manticores
  A wolf spider (D:14)
  3 orc sorcerers
  7 ugly things
  2 cyclopes
  Maurice (D:11)
  2 ice statues
  A smoke demon (Abyss:3)
  7 black mambas
  6 torpor snails
  Joseph (D:8)
  A gargoyle (D:10)
  A kobold demonologist (D:14)
  5 rime drakes
  Maggie (D:6)
  16 cane toads
  2 unseen horrors
  2 entropy weaver simulacra (IceCv)
  A yaktaur (D:14)
  13 ice devils
  3 freezing wraiths (IceCv)
  9 komodo dragons
  A tengu conjurer (D:13)
  An efreet (D:14)
  2 anaconda simulacra (IceCv)
  8 trolls
  3 meliai (D:9)
  A polar bear (Lair:1)
  4 tyrant leeches (Lair:6)
  7 hornets (Lair:6)
  A merfolk (D:9)
  A raiju (Abyss:3)
  A raiju (shapeshifter) (D:14)
  4 slime creatures (D:14)
  A snapping turtle (Lair:3)
  17 blink frogs
  A dream sheep (Lair:6)
  5 flying skulls (Gauntlet)
  A vampire (D:13)
  A dire elephant simulacrum (IceCv)
  7 wraiths
  4 shadows
  45 yaks
  A centaur simulacrum (D:14)
  2 steam dragons
  Eustachio (D:6)
  9 humans
  5 wyverns
  6 basilisks
  A golden eye (shapeshifter) (D:13)
  2 golden eyes (Gauntlet)
  A yak (shapeshifter) (D:14)
  A hog (D:13)
  A small abomination (Abyss:3)
  6 vampire mosquitoes
  A death yak simulacrum (IceCv)
  4 wargs
  Edmund (D:6)
  2 harpy simulacra (IceCv)
  20 water moccasins
  4 black bears
  10 orc warriors
  13 ice beasts
  2 wolves (Lair:2)
  30 ogres
  8 centaurs
  A lemure (D:8)
  2 scorpions
  13 bullfrogs
  3 cane toad simulacra (IceCv)
  2 gnoll sergeants
  A water moccasin zombie (D:5)
  A wyvern skeleton (D:6)
  6 elephant simulacra
  11 killer bees
  4 wights (D:9)
  An electric eel (D:12)
  3 centaur zombies
  6 howler monkeys
  A jelly (D:6)
  14 orc priests
  A bullfrog skeleton (D:7)
  A gnoll shaman (D:5)
  Terence (D:3)
  4 hell rats (Lair:5)
  2 iguanas (D:4)
  22 orc wizards
  2 troll simulacra (IceCv)
  5 polar bear simulacra (IceCv)
  A spriggan simulacrum (IceCv)
  2 killer bee zombies
  6 wolf simulacra (IceCv)
  Robin (D:4)
  8 adders
  9 gnolls
  A howler monkey skeleton (D:5)
  5 river rats (Lair:5)
  2 naga simulacra (IceCv)
  A shadow imp (D:5)
  2 white imps
  A worm (D:4)
  A dart slug (D:4)
  58 orcs
  6 ball pythons
  6 endoplasms
  3 giant cockroaches
  17 goblins
  4 hobgoblins
  3 jackals (D:3)
  2 quokkas
  4 frilled lizards
  7 kobolds
  15 rats
700 creatures vanquished.

Vanquished Creatures (others)
  3 humans (D:13)
  An ice beast (D:7)
  A starcursed mass (Abyss:3)
  A ball python (D:4)
  23 fungi
  A lurking horror (Abyss:3)
  51 plants
  13 starspawn tentacles (Abyss:3)
  4 withered plants (Gauntlet)
98 creatures vanquished.

Grand Total: 798 creatures vanquished

Notes
Turn   | Place    | Note
-------+----------+-------------------------------------------
     0 | D:5      | flotson the Demonspawn Delver began the quest for the Orb.
     0 | D:5      | Reached XP level 1. HP: 18/18 MP: 1/1
     1 | D:5      | Noticed a water moccasin zombie
    56 | D:4      | Noticed an iguana
   252 | D:4      | Noticed an orc priest
   252 | D:4      | Noticed an iguana
   277 | D:4      | Identified the +1 chain mail "Amaymn" {Will+ Dex+3}
   327 | D:3      | Gained mutation: You have a pair of small antennae on your
                  | head. [demonic ancestry]
   327 | D:3      | Reached XP level 2. HP: 19/24 MP: 2/2
   483 | D:1      | Reached skill level 1 in Evocations
   633 | D:1      | Reached skill level 1 in Armour
   812 | D:1      | Gained mutation: You sometimes gain a little power by
                  | taking damage. [demonic ancestry]
   812 | D:1      | Reached XP level 3. HP: 29/29 MP: 3/3
   812 | D:1      | Found a faded altar of an unknown god.
  2076 | D:2      | Reached XP level 4. HP: 31/35 MP: 4/4
  2383 | D:2      | Found Kyeciray's Assorted Antiques.
  3129 | D:3      | Found a shimmering altar of Xom.
  3138 | D:3      | Noticed Terence
  3162 | D:3      | Killed Terence
  3163 | D:3      | Reached skill level 1 in Slings
  3163 | D:3      | Gained mutation: When seriously injured, your blood forms
                  | armour. (AC +6) [demonic ancestry]
  3163 | D:3      | Reached XP level 5. HP: 10/42 MP: 5/5
  3560 | D:3      | Found an ancient bone altar of Kikubaaqudgha.
  4021 | D:4      | Noticed Robin
  4057 | D:4      | Killed Robin
  4058 | D:4      | Reached skill level 1 in Shields
  4540 | D:4      | Reached skill level 2 in Armour
  4863 | D:4      | Reached XP level 6. HP: 37/48 MP: 6/6
  5465 | D:4      | Found a staircase to the Ecumenical Temple.
  5474 | Temple   | Entered the Ecumenical Temple
  5484 | Temple   | Became a worshipper of Gozag Ym Sagoz the Greedy
  5741 | D:5      | Reached skill level 1 in Throwing
  6124 | D:5      | Gained mutation: You regenerate a little health from kills.
                  | [demonic ancestry]
  6124 | D:5      | Reached XP level 7. HP: 42/55 MP: 7/7
  6294 | D:5      | Found Diruaf's Armour Shoppe.
  6390 | D:5      | Found a blossoming altar of Fedhas.
  6913 | D:6      | Reached skill level 3 in Armour
  7455 | D:6      | Reached XP level 8. HP: 42/61 MP: 8/8
  7912 | D:6      | Noticed Eustachio
  7926 | D:6      | Killed Eustachio
  7927 | D:6      | Reached skill level 5 in Fighting
  7998 | D:6      | Identified the +10 long sword "Edur" {venom, rElec rPois
                  | rF- rCorr}
  8097 | D:6      | Noticed Edmund
  8107 | D:6      | Killed Edmund
  8596 | D:6      | Noticed Maggie
  8607 | D:6      | Killed Maggie
  8608 | D:6      | Reached skill level 1 in Long Blades
  8608 | D:6      | Reached skill level 4 in Armour
  8882 | D:2      | Bought a pair of runed boots for 225 gold pieces
  8882 | D:2      | Bought a yellow potion for 27 gold pieces
  8882 | D:2      | Bought a scroll labelled CUGUORA MILIN for 30 gold pieces
  8882 | D:2      | Bought a scroll labelled WUBOMEREON for 30 gold pieces
  8882 | D:2      | Bought a scroll labelled TOOTA LOGA MAG for 30 gold pieces
  8882 | D:2      | Bought a scroll labelled RYCIEPR RIBBACI for 30 gold pieces
  8882 | D:2      | Bought a scroll labelled HAPTEOCETIF for 30 gold pieces
  8990 | D:6      | Found a basalt altar of Yredelemnul.
  9087 | D:7      | Gained mutation: You have a pair of antennae on your head.
                  | [demonic ancestry]
  9087 | D:7      | Reached XP level 9. HP: 53/68 MP: 9/9
  9512 | D:7      | Reached skill level 5 in Armour
  9645 | D:7      | Found Taly's One-of-a-Kind Rings.
 10056 | D:8      | Reached skill level 5 in Dodging
 10232 | D:8      | Noticed Joseph
 10238 | D:8      | Killed Joseph
 10239 | D:8      | Reached skill level 5 in Evocations
 10316 | D:8      | Noticed a cyan ugly thing
 10514 | D:8      | Noticed a deep elf pyromancer
 10522 | D:8      | Killed a deep elf pyromancer
 10679 | D:8      | Reached skill level 6 in Armour
 10679 | D:8      | Reached XP level 10. HP: 71/76 MP: 10/10
 10813 | D:8      | Found a burning altar of Makhleb.
 10815 | D:8      | Noticed a blizzard demon
 10864 | D:8      | Found a stormy altar of Qazlal.
 10879 | D:8      | Noticed Erica
 10887 | D:8      | Killed Erica
 10888 | D:8      | Reached skill level 5 in Shields
 11095 | D:8      | Noticed Pikel
 11125 | D:8      | Killed Pikel
 11266 | D:8      | Found a staircase to the Lair.
 11410 | D:8      | Killed a cyan ugly thing
 11495 | D:8      | Reached skill level 7 in Armour
 11670 | D:9      | Reached skill level 5 in Throwing
 12005 | D:9      | Gained mutation: You sometimes gain power by taking damage.
                  | [demonic ancestry]
 12005 | D:9      | Reached XP level 11. HP: 71/84 MP: 11/11
 12051 | D:9      | Noticed a two-headed ogre
 12065 | D:9      | Killed a two-headed ogre
 12417 | D:9      | Found an ornate altar of the Wu Jian Council.
 12418 | D:9      | Found a shadowy altar of Dithmenos.
 12849 | D:10     | Entered Level 10 of the Dungeon
 13028 | D:10     | Noticed a two-headed ogre
 13036 | D:10     | Killed a two-headed ogre
 13345 | D:10     | Noticed Snorg
 13346 | D:10     | Found a staircase to the Orcish Mines.
 13671 | D:10     | Killed Snorg
 13672 | D:10     | Reached skill level 8 in Armour
 13939 | D:10     | Found a runed translucent door.
 13941 | D:10     | Noticed mandarbmax's ghost (journeyman TeAE)
 14130 | D:10     | Killed mandarbmax's ghost
 14238 | Lair:1   | Entered Level 1 of the Lair of Beasts
 14284 | Lair:1   | Reached skill level 5 in Long Blades
 15038 | Lair:1   | Noticed a seven-headed hydra
 15048 | Lair:1   | Killed a three-headed hydra
 15570 | Lair:1   | Gained mutation: You regenerate health from kills. [demonic
                  | ancestry]
 15570 | Lair:1   | Reached XP level 12. HP: 57/92 MP: 12/12
 16455 | Lair:2   | Reached skill level 9 in Armour
 16545 | Lair:2   | Found a frozen archway.
 16564 | IceCv    | Entered an ice cave
 17743 | IceCv    | Found an ancient bone altar of Kikubaaqudgha.
 20392 | IceCv    | Identified the ring of the Duke {rN+ rCorr}
 20726 | Lair:2   | Reached skill level 10 in Armour
 21082 | Lair:2   | Gained mutation: Your hexes are more powerful. [demonic
                  | ancestry]
 21082 | Lair:2   | Reached XP level 13. HP: 100/100 MP: 13/13
 21555 | Lair:3   | Found a hole to the Spider Nest.
 21660 | Lair:3   | Noticed Urug
 22316 | Lair:3   | Killed Urug
 22569 | Lair:3   | Acquired the +0 pair of fencer's gloves {Riposte Dex+3}
 22569 | Lair:3   | Found the +0 pair of fencer's gloves {Riposte Dex+3}
 23094 | Lair:4   | Found an opulent altar of Gozag.
 23642 | Lair:3   | Found a staircase to the Shoals.
 26396 | Lair:6   | Entered Level 6 of the Lair of Beasts
 26396 | Lair:6   | Found a gate leading to a gauntlet.
 26406 | Gauntlet | Entered a Gauntlet
 26406 | Gauntlet | Found a transporter.
 26406 | Gauntlet | Found a runed translucent door.
 26407 | Gauntlet | Found a runed translucent door.
 26411 | Gauntlet | Found a transporter.
 26413 | Gauntlet | Found a transporter.
 26423 | Gauntlet | Found a transporter.
 26426 | Gauntlet | Found a transporter.
 26434 | Gauntlet | Found a transporter.
 26450 | Gauntlet | Found a transporter.
 26461 | Gauntlet | Found a transporter.
 26472 | Gauntlet | Found a transporter.
 26488 | Gauntlet | Found a transporter.
 26503 | Gauntlet | Found a transporter.
 26504 | Gauntlet | Found a transporter.
 26550 | Gauntlet | Found a transporter.
 26564 | Gauntlet | Found a transporter.
 26720 | Gauntlet | Got Sif Muna's Almanac of Malediction and the Mountains
 26960 | Gauntlet | Identified the ring "Tinymerr" {rF+ rC+ MP+9 Str+4}
 26968 | Gauntlet | Identified the +11 battleaxe of Checkmate {protect, Will++
                  | Int+4 SInv}
 27023 | Gauntlet | Noticed a minotaur
 27036 | Gauntlet | Killed a minotaur
 27038 | Gauntlet | Got the Grimoire of Toxic Evil
 27049 | Gauntlet | Got Vaosow's Guide on Transmigration
 27116 | Lair:6   | Reached XP level 14. HP: 108/109 MP: 14/14
 27575 | Lair:6   | Found a viscous altar of Jiyva.
 27575 | Lair:6   | Found a staircase to the Slime Pits.
 27856 | Lair:6   | Reached skill level 10 in Fighting
 28019 | Lair:6   | Found a runed translucent door.
 28564 | Lair:6   | Reached skill level 11 in Armour
 29133 | Lair:6   | Identified the +8 whip "Zaqoyhuw" {vorpal, *Rage rC+ Int+3}
 30307 | Orc:1    | Entered Level 1 of the Orcish Mines
 30396 | Orc:1    | Noticed Erolcha
 30430 | D:10     | Killed Erolcha
 30766 | Orc:1    | Noticed an orc warlord
 30793 | Orc:1    | Noticed Harold
 30806 | Orc:1    | Killed Harold
 30919 | Orc:1    | Noticed Jorgrun
 30933 | Orc:1    | Killed Jorgrun
 30934 | Orc:1    | Reached skill level 10 in Evocations
 31260 | Orc:1    | Found a transporter.
 31260 | Orc:1    | Found a transporter.
 31329 | Orc:2    | Entered Level 2 of the Orcish Mines
 31369 | Orc:2    | Found a staircase to the Elven Halls.
 31450 | Orc:2    | Found Tezucec's Antique Weapon Emporium.
 32762 | Orc:2    | Gained mutation: You have a pair of large antennae on your
                  | head. (SInv) [demonic ancestry]
 32762 | Orc:2    | Reached XP level 15. HP: 115/117 MP: 15/15
 32808 | Orc:2    | Found Ymapler's General Store.
 32808 | Orc:2    | Found Nehuf's Book Boutique.
 32808 | Orc:2    | Found Lollosh's Magic Scroll Boutique.
 32808 | Orc:2    | Found Usahur's Distillery.
 32824 | Orc:2    | Bought a scroll of magic mapping for 45 gold pieces
 32824 | Orc:2    | Bought a scroll of fog for 26 gold pieces
 32824 | Orc:2    | Bought a scroll of fear for 45 gold pieces
 32824 | Orc:2    | Bought a scroll of teleportation for 39 gold pieces
 32824 | Orc:2    | Bought a potion of curing for 39 gold pieces
 32824 | Orc:2    | Bought a scroll of immolation for 45 gold pieces
 32825 | Orc:2    | Bought a scroll of fog for 26 gold pieces
 32825 | Orc:2    | Bought a scroll of vulnerability for 97 gold pieces
 32825 | Orc:2    | Bought a scroll of blinking for 97 gold pieces
 32825 | Orc:2    | Bought a scroll of enchant armour for 97 gold pieces
 32827 | Orc:2    | Reached XP level 16. HP: 124/124 MP: 16/16
 32829 | Orc:2    | Bought a potion of invisibility for 80 gold pieces
 32829 | Orc:2    | Bought a potion of heal wounds for 50 gold pieces
 32829 | Orc:2    | Bought a potion of curing for 30 gold pieces
 32829 | Orc:2    | Bought a potion of haste for 100 gold pieces
 32829 | Orc:2    | Bought a potion of heal wounds for 50 gold pieces
 32829 | Orc:2    | Bought a potion of curing for 30 gold pieces
 32970 | Orc:2    | Found a shimmering blue altar of Sif Muna.
 34064 | Orc:2    | Bought a pair of distressingly furry gloves for 342 gold
                  | pieces
 34064 | Orc:2    | Identified the +2 pair of gloves of the Wheelwright {-Cast
                  | rElec Dex+5} (You bought it in a shop on level 2 of the
                  | Orcish Mines)
 34064 | Orc:2    | Bought a faintly humming chain mail for 342 gold pieces
 34064 | Orc:2    | Identified the +0 chain mail of Feasting {rElec rPois rC-
                  | Regen+} (You bought it in a shop on level 2 of the Orcish
                  | Mines)
 34076 | Orc:2    | Bought the +13 plate armour of Ashenzari {Int+4} for 1843
                  | gold pieces
 34137 | D:14     | Found a snail-covered altar of Cheibriados.
 34853 | D:12     | Noticed Fannar
 34869 | D:12     | Killed Fannar
 35033 | D:12     | Noticed Gastronok
 35060 | D:11     | Reached skill level 10 in Dodging
 35103 | D:11     | Noticed Maurice
 35122 | D:11     | Killed Maurice
 35621 | D:11     | Noticed Josephine
 35639 | D:11     | Killed Josephine
 35767 | D:11     | Found a runed translucent gate.
 35767 | D:11     | Found a runed translucent gate.
 35767 | D:11     | Found a runed translucent gate.
 35768 | D:11     | Noticed croobank's ghost (journeyman DDBe)
 35874 | D:11     | Killed croobank's ghost
 36281 | D:12     | Killed Gastronok
 36824 | D:13     | Found a gateway to a bazaar.
 36837 | Bazaar   | Entered a bazaar
 36841 | Bazaar   | Found Feuh's Book Boutique.
 36863 | Bazaar   | Found Piubb's Jewellery Emporium.
 36884 | Bazaar   | Found Tixku's Book Boutique.
 36904 | Bazaar   | Found Duthol's Antique Weapon Shoppe.
 37057 | D:12     | Reached skill level 10 in Shields
 37139 | D:13     | Noticed Kirke
 37151 | D:13     | Killed Kirke
 37344 | D:13     | Reached skill level 12 in Armour
 37378 | D:13     | Noticed Rupert
 37609 | D:13     | Found a gate to the Vaults.
 37688 | D:13     | Found a gate to the Vaults.
 38055 | D:13     | Killed Rupert
 38459 | D:13     | Found a gate to the Vaults.
 38969 | D:14     | Reached skill level 10 in Throwing
 40021 | D:15     | Entered Level 15 of the Dungeon
 40068 | D:15     | Reached XP level 17. HP: 133/133 MP: 17/17
 40183 | D:15     | Found a staircase to the Depths.
 40184 | D:15     | Noticed Louise
 40204 | D:15     | Cast into level 3 of the Abyss (Louise)
 40273 | Abyss:3  | Noticed a lich
 40412 | Abyss:3  | Noticed an ancient lich
 40451 | Abyss:3  | HP: 4/126 [ancient lich/bolt of acid (8)]
 40650 | Abyss:3  | Noticed a bone dragon
 40650 | Abyss:3  | Noticed a lich
 40708 | Abyss:3  | Paralysed by accursed screaming for 1 turns
 40766 | Abyss:3  | HP: 6/128 [??? (3)]
 40768 | Abyss:3  | HP: 2/128 [starcursed mass/accursed screaming (5)]
 40770 | Abyss:3  | Killed from afar by a starcursed mass

Illustrated notes

Levels and vault maps discovered:
D:1:      roderic_chinese_lattice_arrival, layout_loops_cross,
          ebering_ecumenical_altar_hall
D:2:      layout_basic, serial_shops, nicolae_shop_behind_doors
D:3:      layout_loops_ring, lemuel_doored_altar, old_standard_altar,
          minmay_misc_feat_ornament, chequers_hall_statues_wall_a, uniq_terence
D:4:      layout_loops_cross, lemuel_temple_firewalk_a, uniq_robin
D:5:      layout_basic, lemuel_coloured_pillars_altar, serial_shops, shop
D:6:      layout_rooms, yredelemnul_altar_generic, uniq_maggie, uniq_eustachio,
          uniq_edmund
D:7:      layout_loops_ring, nicolae_shop_unique_rings, minmay_misc_feat_cross
D:8:      minmay_chambers_of_fours, layout_basic, mainiacjoe_overflow_chevrons,
          makhleb_altar_promises_db, lair_entry_dummy, uniq_erica, uniq_joseph,
          uniq_pikel
D:9:      layout_roguey, gammafunk_temple_overflow_statue, hangedman_fish_farm
D:10:     layout_basic, erik_orc_4, ebering_ghost_reflecting_pool, uniq_snorg
D:11:     layout_roguey, gammafunk_ghost_spectres, uniq_maurice, uniq_josephine
D:12:     layout_basic, minmay_misc_feat_hallway, uniq_fannar, uniq_gastronok
D:13:     layout_cave_pools, ximxim_vaults_locker_room, serial_shops,
          bzr_entry_safe, uniq_kirke, uniq_rupert
D:14:     minmay_connected_boxes_in_corner, layout_basic, cheibriados_altar_1,
          minmay_misc_feat_x, kennysheep_windowed_goal
D:15:     grunt_enter_depths_giant_problem, layout_loops_ring,
          okawaru_metal_pillars_1_2, maelrawn_ghost_gauntlet_escape,
          hangedman_feature_mirror, nicolae_hepliaklqana_monster_ancestors,
          uniq_louise
Temple:   eino_temple_water
Lair:1:   layout_loops_ring, serial_bayou_shore_a, infiniplex_staircase_pool_2,
          lemuel_fruit_fields
Lair:2:   layout_loops_ring, portal_ice_cave_entry_ice_simulacra,
          beast_lair_carwin_5, infiniplex_staircase_pool
Lair:3:   layout_roguey, minmay_shoals_entry_hut, dummy_spider_entry,
          ice2_lemuel, uniq_urug
Lair:4:   layout_loops_ring, basic_altar
Lair:5:   layout_cave_pods, kennysheep_abandoned_house, grunt_megastairs_2,
          lemuel_fruit_tree
Lair:6:   wormcave, layout_layer_cave, slime_altar_1, gauntlet_entry_generic,
          minivault_19, minmay_shattered_shrine
Orc:1:    gammafunk_beogh_shrine, layout_caves, basic_altar, uniq_jorgrun,
          uniq_erolcha, uniq_harold
Orc:2:    st_orc_ogre_mass, layout_caves, basic_altar, serial_shops,
          nicolae_shop_window_shopping, kennysheep_orc_sif_temple
Abyss:3:  base: D:13, evilmike_abyss_exit_10, nicolae_abyss_rune_star_stuff,
          evilmike_abyss_exit_chaos, evilmike_abyss_rune_ettins, minivault_4,
          evilmike_nicolae_abyss_rune_betentacled_crabyss,
          grunt_abyss_rune_forest_and_sorcery, hangedman_decor_peaks_small,
          hangedman_decor_peaks_small,
          dshaligram_kb_abyss_rune_zappy_water_cross

Skill      XL: |  1  2  3  4  5  6  7  8  9 10 11 12 13 14 15 16 |
---------------+-------------------------------------------------+-----
Dodging        | 2 3 4 5 6 7 8 9 10 | 10.6
Evocations     | 1 2 3 4 5 6 7 8 9 10 11 | 11.4
Armour         | 1 2 3 4 6 7 8 10 11 12 | 12.3
Slings         | 1 |  1.6
Shields        | 1 2 3 4 5 6 7 8 9 10 | 10.4
Fighting       | 4 5 6 7 8 9 10 11 | 11.7
Throwing       | 1 2 3 4 5 6 7 8 9 10 | 10.1
Long Blades    | 1 3 4 5 6 7 8 9 |  9.6
Stealth        | 7 |  7.3
Axes           | |  1.7

Action                   |  1- 3 |  4- 6 |  7- 9 | 10-12 | 13-15 | 16-18 || total
-------------------------+-------+-------+-------+-------+-------+-------++-------
Melee: Hand axe          |    86 |   134 |    88 |       |       |       ||   308
       Long sword        |       |       |   141 |   754 |   835 |   727 ||  2457
       Scimitar          |       |       |       |    15 |   114 |    55 ||   184
       Unarmed           |       |       |       |       |       |     1 ||     1
 Fire: Hunting sling     |    66 |   145 |       |    28 |       |       ||   239
Throw: Dart              |       |       |    51 |     2 |     8 |       ||    61
       Javelin           |       |       |       |       |       |     5 ||     5
Invok: Call Merchant     |       |       |       |       |       |     3 ||     3
Evoke: Wand              |       |     2 |     4 |    13 |    11 |     9 ||    39
       Piece from Xom's  |       |       |       |       |     2 |     1 ||     3
  Use: Potion            |     1 |     1 |     1 |     5 |     7 |     7 ||    22
       Scroll            |     1 |       |       |    21 |     9 |    11 ||    42
 Stab: Paralysed         |       |     9 |     3 |     4 |       |     2 ||    18
       Distracted        |       |       |       |     3 |    11 |     6 ||    20
       Invisible         |       |       |       |       |     3 |       ||     3
       Fleeing           |       |       |       |       |     1 |       ||     1
       Sleeping          |       |       |       |       |     5 |     2 ||     7
       Petrified         |       |       |       |       |     2 |       ||     2
Armor: Chain mail        |    86 |   171 |   119 |   506 |   278 |       ||  1160
       Leather armour    |     2 |       |       |       |       |       ||     2
       Ring mail         |       |       |       |       |   166 |     9 ||   175
       Plate armour      |       |       |       |       |       |   613 ||   613
Dodge: Dodged            |    29 |    51 |    63 |   288 |   488 |   390 ||  1309
Block: Kite shield       |    16 |   109 |   104 |   485 |   632 |   250 ||  1596
       Tower shield      |       |       |       |       |       |   432 ||   432
       Rpst.: Long sword |       |       |       |       |    91 |    67 ||   158
       Scimitar          |       |       |       |       |    13 |     3 ||    16

Table legend: (Time is in decaauts)
 A = Elapsed time spent in this place.
 B = Non-inter-level travel time spent in this place.
 C = Inter-level travel time spent in this place.
 D = Time resting spent in this place.
 E = Time spent auto-exploring this place.
 F = Levels seen in this place.
 G = Mean time per level.
                   A        B        C        D        E       F      G
               +--------+--------+--------+--------+--------+-----+--------+
         Total |  41697 |  40132 |   1565 |   2456 |  29153 |  28 | 1489.2 |
       Dungeon |  21133 |  20055 |   1078 |    847 |  15108 |  15 | 1408.9 |
        Temple |     20 |     10 |     10 |      0 |      1 |   1 |   20.0 |
          Lair |  11548 |  11226 |    322 |   1012 |   8069 |   6 | 1924.7 |
  Orcish Mines |   3498 |   3343 |    155 |    284 |   2245 |   2 | 1749.0 |
         Abyss |    590 |    590 |      0 |      0 |    214 |   1 |  590.0 |
        Bazaar |    103 |    103 |      0 |      0 |     85 |   1 |  103.0 |
      Ice Cave |   4085 |   4085 |      0 |    313 |   2946 |   1 | 4085.0 |
      Gauntlet |    714 |    714 |      0 |      0 |    483 |   1 |  714.0 |
               +--------+--------+--------+--------+--------+-----+--------+

Top non-repeatable levels by time:
   IceCv: 4085 daAuts
  Lair:6: 2831 daAuts
   Orc:1: 2477 daAuts
  Lair:1: 2236 daAuts
    D:14: 2055 daAuts
     D:6: 2044 daAuts
     D:4: 1980 daAuts
  Lair:2: 1954 daAuts
  Lair:5: 1894 daAuts
    D:13: 1755 daAuts
     D:8: 1754 daAuts
     D:9: 1601 daAuts
     D:3: 1524 daAuts
    D:10: 1449 daAuts
  Lair:3: 1421 daAuts
